 Dungeon Crawl Stone Soup version 0.30-a0-715-gdb4ae3ece1 (webtiles) character file.

Game seed: 2230622329249296139

2268 wormed the Nimble (level 9, 0/66 HPs)
             Began as a Gnoll Wanderer on Jan 24, 2023.
             Was an Initiate of Cheibriados.
             Slain by Maggie
             ... wielding a +1 halberd of protection
              (13 damage)
             ... on level 6 of the Dungeon.
             The game lasted 00:10:51 (6399 turns).

wormed the Nimble (Gnoll Wanderer)                  Turns: 6399, Time: 00:10:52

Health: 0/66       AC:  8    Str: 13    XL:     9   Next: 38%
Magic:  0/16       EV: 18    Int: 12    God:    Cheibriados [......]
Gold:   323        SH:  0    Dex: 17    Spells: 7/18 levels left

rFire   + . .      SeeInvis .    m - +2 dagger (venom)
rCold   . . .      Faith    .    (no shield)
rNeg    + . .      Spirit   +    C - +0 leather armour {rF+}
rPois   .          Reflect  .    z - +0 helmet
rElec   .          Harm     .    D - +2 cloak
rCorr   .          Rampage  .    (no gloves)
Will    .....                    (no boots)
Stlth   +++                      r - amulet of guardian spirit
HPRegen 0.31/turn                p - ring of positive energy
MPRegen 0.15/turn                (no ring)

@: mighty, very slow
A: fangs 1, strong nose, distributed training
a: Renounce Religion


You were on level 6 of the Dungeon.
You worshipped Cheibriados.
Cheibriados was noncommittal.
You visited 2 branches of the dungeon, and saw 7 of its levels.

You collected 345 gold pieces.
You spent 22 gold pieces at shops.

Inventory:

Hand Weapons
 a - a +0 dagger
 l - a +1 dagger of flaming
 m - a +2 dagger of venom (weapon)
 y - a +0 antimagic falchion
Armour
 z - a +0 helmet (worn)
 C - a +0 leather armour of fire resistance (worn)
 D - a +2 cloak (worn)
Jewellery
 e - a ring of poison resistance
 j - a ring of protection from cold
 p - a ring of positive energy (left hand)
 r - an amulet of guardian spirit (around neck)
 w - a ring of positive energy
Wands
 o - a wand of roots (8) (quivered)
Scrolls
 b - a scroll of amnesia
 c - a scroll of fog
 h - 5 scrolls of teleportation
 k - 2 scrolls of immolation
 s - 3 scrolls of fear
 v - 2 scrolls of blinking
 A - a scroll of brand weapon {unknown}
 B - a scroll of identify
Potions
 d - a potion of lignification
 f - a potion of haste
 g - a potion of mutation
 i - 5 potions of brilliance
 n - a potion of invisibility
 q - a potion of flight
 t - 2 potions of might
 u - 3 potions of degeneration {unknown}
 x - 2 potions of attraction {unknown}


   Skills:
 + Level 4.3 Fighting
 + Level 4.3 Short Blades
 + Level 4.3 Long Blades
 + Level 4.3 Axes
 + Level 4.3 Maces & Flails
 + Level 4.3 Polearms
 + Level 4.3 Staves
 + Level 4.3 Ranged Weapons
 + Level 4.3 Throwing
 + Level 5.1 Armour
 + Level 11.3 Dodging
 + Level 4.3 Stealth
 + Level 4.3 Shields
 + Level 4.3 Unarmed Combat
 + Level 5.2 Spellcasting
 + Level 5.3 Conjurations
 + Level 3.6 Hexes
 + Level 3.6 Summonings
 + Level 3.6 Necromancy
 + Level 3.6 Translocations
 + Level 3.6 Transmutations
 + Level 3.6 Fire Magic
 + Level 3.6 Ice Magic
 + Level 3.6 Air Magic
 + Level 3.6 Earth Magic
 + Level 3.6 Poison Magic
 + Level 5.5 Invocations
 + Level 4.3 Evocations


You had 7 spell levels left.
You knew the following spells:

 Your Spells              Type           Power      Damage    Failure   Level
a - Mephitic Cloud        Conj/Pois/Air  13%        N/A       13%         3
b - Ignite Poison         Fire/Tmut/Pois 11%        N/A       16%         3
c - Freezing Cloud        Conj/Ice/Air   6%         6-21      77%         5

Your spell library contained the following spells:

 Spells                   Type           Power      Damage    Failure   Level
 Foxfire                  Conj/Fire      52%        2x1d6     3%          1
 Static Discharge         Conj/Air       26%        2-4/arc   6%          2
 Dazzling Flash           Conj/Hex       26%        N/A       12%         3
 Kindle Blastsparks       Fire/Tloc/Air  22%        2d11      16%         3


Dungeon Overview and Level Annotations

Branches:
Dungeon (6/15)             Temple (1/1) D:5

Altars:
Ashenzari
Cheibriados
Elyvilon
Fedhas
Gozag
Hepliaklqana
Kikubaaqudgha
Nemelex Xobeh
Qazlal
Ru
Sif Muna
Trog
Uskayaw
Wu Jian
Yredelemnul
Zin
The Shining One

Shops:
D:1 ?

Annotations:
D:6 Maggie


Innate Abilities, Weirdness & Mutations

You have very sharp teeth.
Your uncanny sense of smell can sniff out nearby items.
Your experience applies equally to all skills.


Message History

You barely miss the orc wizard. Your bite misses the orc wizard.
The orc wizard is heavily wounded.
You barely miss the orc wizard.
The orc wizard is heavily wounded.
Maggie misses you. The orc wizard closely misses you.
You hit the orc wizard.
The orc wizard looks as sick as possible!
The orc wizard is severely wounded.
Maggie hits you from afar with a +1 halberd of protection.
The orc wizard completely misses you.
You hit the orc wizard.
You kill the orc wizard!
Cheibriados thoroughly appreciates the change of pace.
Maggie hits you from afar with a +1 halberd of protection!
You hit the orc.
You kill the orc!
Cheibriados thoroughly appreciates the change of pace.
Maggie misses you. x2
Items here: )) [ ††.
Maggie misses you.
Maggie smiles, but it's obviously fake.
Maggie gestures at you while chanting. The bolt of fire hits you. You resist.
You hit Maggie but do no damage.
Maggie is almost dead.
Maggie hits you with a +1 halberd of protection.
You barely miss Maggie.
Maggie is almost dead.
Maggie hits you with a +1 halberd of protection!
* * * LOW HITPOINT WARNING * * *
You closely miss Maggie.
Maggie is almost dead.
Maggie misses you.
You feel very mighty all of a sudden. Maggie barely misses you.
You hit Maggie.
Maggie is poisoned.
Maggie is almost dead.
You break out of your daze.
Maggie hits you with a +1 halberd of protection!
You die...

....(...........## #..........
.................# #.#########
....@............# #.#........
.{....###).......# #.#.#######
.......##........######.#.#######
.o.....##........................
.......########.#.#####.#.#######
........#######@#)....#)#........
.#+####.....).).@...))...........
. #########.#....)######....#
#)#...)...........#
#.#.#.#######...... #.#.#.#
#.....# #.#.#.# ......# #.#.#.#
...##.# #.#.#.# .. #.# #.. ....
#.#


You could see Maggie (very poisoned).

Vanquished Creatures
  Pikel (D:5)
  Grinder (D:4)
  Eustachio (D:5)
  Menkaure (D:5)
  Edmund (D:5)
  2 sky beasts (D:5)
  An ice beast (D:5)
  2 ogres
  A lemure (D:5)
  3 scorpions
  4 hounds
  4 orc priests
  2 jellies
  2 iguanas
  6 orc wizards
  2 adders
  A shadow imp (D:5)
  A white imp (D:6)
  2 worms
  3 dart slugs
  28 orcs
  4 bats
  6 endoplasms
  5 goblins
  7 hobgoblins
  5 quokkas
  9 ball pythons
  A frilled lizard (D:2)
  6 kobolds
  10 rats
122 creatures vanquished.

Vanquished Creatures (others)
  An orc (D:6)
1 creature vanquished.

Grand Total: 123 creatures vanquished

Notes
Turn   | Place    | Note
-------+----------+-------------------------------------------
     0 | D:1      | Reached skill level 10 in Dodging
     0 | D:1      | wormed the Gnoll Wanderer began the quest for the Orb.
     0 | D:1      | wormed set off with the following items: a +0 dagger, 4
                  | throwing nets, a scroll of fog, a potion of lignification,
                  | a +0 leather armour; and the following spell memorised:
                  | Foxfire; and the following spells available to memorise:
                  | Dazzling Flash.
     0 | D:1      | Reached XP level 1. HP: 13/13 MP: 4/4
    83 | D:1      | Found Uziheod's Magic Scroll Shop.
   176 | D:1      | You fall into a shaft and drop 1 floor!
   184 | D:2      | Found an ornate altar of the Wu Jian Council.
   216 | D:2      | Reached XP level 2. HP: 19/19 MP: 5/5
   827 | D:2      | Reached XP level 3. HP: 25/25 MP: 7/7
  1370 | D:1      | Reached skill level 1 in Fighting
  1370 | D:1      | Reached skill level 1 in Short Blades
  1370 | D:1      | Reached skill level 1 in Long Blades
  1370 | D:1      | Reached skill level 1 in Axes
  1370 | D:1      | Reached skill level 1 in Maces & Flails
  1370 | D:1      | Reached skill level 1 in Polearms
  1370 | D:1      | Reached skill level 1 in Staves
  1370 | D:1      | Reached skill level 1 in Ranged Weapons
  1370 | D:1      | Reached skill level 1 in Throwing
  1370 | D:1      | Reached skill level 1 in Stealth
  1370 | D:1      | Reached skill level 1 in Shields
  1370 | D:1      | Reached skill level 1 in Unarmed Combat
  1370 | D:1      | Reached skill level 1 in Evocations
  1680 | D:1      | Bought a scroll of identify for 22 gold pieces
  1714 | D:1      | Learned a level 3 spell: Ignite Poison
  2146 | D:3      | Reached XP level 4. HP: 32/32 MP: 8/8
  2466 | D:3      | Got Volal's Disquisition on the Adder and the Storm
  2597 | D:3      | Learned a level 3 spell: Mephitic Cloud
  2620 | D:4      | Found a broken altar of Ashenzari.
  2649 | D:4      | Reached skill level 1 in Hexes
  2649 | D:4      | Reached skill level 1 in Summonings
  2649 | D:4      | Reached skill level 1 in Necromancy
  2649 | D:4      | Reached skill level 1 in Translocations
  2649 | D:4      | Reached skill level 1 in Transmutations
  2649 | D:4      | Reached skill level 1 in Fire Magic
  2649 | D:4      | Reached skill level 1 in Ice Magic
  2649 | D:4      | Reached skill level 1 in Air Magic
  2649 | D:4      | Reached skill level 1 in Earth Magic
  2649 | D:4      | Reached skill level 1 in Poison Magic
  2899 | D:4      | Noticed a scorpion
  2906 | D:4      | Killed a scorpion
  2907 | D:4      | Reached XP level 5. HP: 37/37 MP: 9/9
  2968 | D:4      | Noticed an ogre
  2972 | D:4      | Noticed Grinder
  2982 | D:4      | Killed an ogre
  2983 | D:4      | Reached XP level 6. HP: 44/44 MP: 9/11
  3020 | D:4      | Paralysed by Grinder for 4 turns
  3023 | D:4      | Killed Grinder
  3024 | D:4      | Reached XP level 7. HP: 39/50 MP: 9/12
  3354 | D:5      | Entered Level 5 of the Dungeon
  3485 | D:5      | Noticed Edmund
  3655 | D:5      | Killed Edmund
  3800 | D:5      | Found a basalt altar of Yredelemnul.
  4070 | D:5      | Noticed Pikel
  4077 | D:5      | Noticed Menkaure
  4086 | D:5      | Killed Pikel
  4087 | D:5      | Reached skill level 11 in Dodging
  4087 | D:5      | Reached XP level 8. HP: 20/58 MP: 2/14
  4266 | D:5      | Found a staircase to the Ecumenical Temple.
  4269 | D:5      | Noticed Eustachio
  4276 | Temple   | Entered the Ecumenical Temple
  4496 | D:5      | Killed Eustachio
  4764 | D:5      | Found a white marble altar of Elyvilon.
  4844 | D:5      | Reached skill level 5 in Conjurations
  4844 | D:5      | Reached skill level 5 in Invocations
  5054 | D:5      | Reached XP level 9. HP: 65/65 MP: 16/16
  5193 | D:5      | Reached skill level 5 in Spellcasting
  5227 | D:5      | Found a snail-covered altar of Cheibriados.
  5245 | D:5      | Became a worshipper of Cheibriados the Contemplative
  5617 | D:5      | Reached skill level 5 in Armour
  5741 | D:5      | Killed Menkaure
  5913 | D:5      | Learned a level 5 spell: Freezing Cloud
  6346 | D:6      | Noticed Maggie
  6399 | D:6      | Slain by Maggie

Illustrated notes

Levels and vault maps discovered:
D:1:      evilmike_arrival_fibonacci_small, layout_loops_ring, serial_shops,
          nicolae_shop_statue_plus
D:2:      layout_basic, basic_altar, nicolae_titane
D:3:      layout_basic
D:4:      layout_rooms, ashenzari_altar_1, grunt_decor_junction, uniq_grinder
D:5:      kennysheep_spiral_hall, layout_basic, kennysheep_ying_yang,
          slow_altar_1, minmay_temple_entry_statues_pillars,
          chequers_serial_rivers_small_3, uniq_eustachio, uniq_edmund,
          uniq_menkaure, uniq_pikel
D:6:      layout_basic, uniq_maggie
Temple:   nicolae_temple_bog_church

Skill      XL: |  1  2  3  4  5  6  7  8  9 |
---------------+----------------------------+-----
Dodging        | 11 | 11.3
Fighting       | 1 2 3 4 |  4.3
Short Blades   | 1 2 3 4 |  4.3
Long Blades    | 1 2 3 4 |  4.3
Axes           | 1 2 3 4 |  4.3
Maces & Flails | 1 2 3 4 |  4.3
Polearms       | 1 2 3 4 |  4.3
Staves         | 1 2 3 4 |  4.3
Ranged Weapons | 1 2 3 4 |  4.3
Throwing       | 1 2 3 4 |  4.3
Stealth        | 1 2 3 4 |  4.3
Shields        | 1 2 3 4 |  4.3
Unarmed Combat | 1 2 3 4 |  4.3
Evocations     | 1 2 3 4 |  4.3
Spellcasting   | 3 4 5 |  5.2
Hexes          | 1 2 3 |  3.6
Summonings     | 1 2 3 |  3.6
Necromancy     | 1 2 3 |  3.6
Translocations | 1 2 3 |  3.6
Transmutations | 1 2 3 |  3.6
Fire Magic     | 1 2 3 |  3.6
Ice Magic      | 1 2 3 |  3.6
Air Magic      | 1 2 3 |  3.6
Earth Magic    | 1 2 3 |  3.6
Poison Magic   | 1 2 3 |  3.6
Invocations    | 3 4 5 |  5.5
Armour         | 3 4 5 |  5.1
Conjurations   | 4 5 |  5.3

Action                     |  1- 3 |  4- 6 |  7- 9 || total
---------------------------+-------+-------+-------++-------
  Melee: Dagger            |   155 |    63 |   335 ||   553
         Bite              |    18 |    12 |    40 ||    70
         Punch             |     1 |     2 |     8 ||    11
  Throw: Throwing net      |       |    11 |       ||    11
   Cast: Ignite Poison     |       |       |     3 ||     3
  Evoke: Wand              |       |       |     4 ||     4
    Use: Scroll            |     7 |       |     6 ||    13
         Potion            |       |       |     2 ||     2
   Stab: Sleeping          |     5 |       |     6 ||    11
         Held in net/web   |       |     2 |       ||     2
 Armour: Leather armour    |    19 |     8 |    57 ||    84
  Dodge: Dodged            |   150 |    36 |   231 ||   417

Table legend: (Time is in decaauts)
 A = Elapsed time spent in this place.
 B = Non-inter-level travel time spent in this place.
 C = Inter-level travel time spent in this place.
 D = Time resting spent in this place.
 E = Time spent auto-exploring this place.
 F = Levels seen in this place.
 G = Mean time per level.
                   A        B        C        D        E       F      G
               +--------+--------+--------+--------+--------+-----+--------+
         Total |   6544 |   6045 |    499 |      0 |   4712 |   7 |  934.9 |
       Dungeon |   6333 |   5855 |    478 |      0 |   4567 |   6 | 1055.5 |
        Temple |    211 |    190 |     21 |      0 |    144 |   1 |  211.0 |
               +--------+--------+--------+--------+--------+-----+--------+

Top non-repeatable levels by time:
     D:5: 2347 daAuts
     D:2: 1098 daAuts
     D:4: 814 daAuts
     D:3: 801 daAuts
     D:1: 714 daAuts
     D:6: 557 daAuts
  Temple: 211 daAuts
